 Dungeon Crawl Stone Soup version 0.20.0-15-g7f486f2 (webtiles) character file.

307 Pong the Poker (level 6, 0/47 HPs)
             Began as a Merfolk Gladiator on July 1, 2017.
             Was an Initiate of Okawaru.
             Slain by a river rat (5 damage)
             ... summoned by Eustachio
             ... on level 4 of the Dungeon.
             The game lasted 00:07:48 (4661 turns).

Pong the Poker (Merfolk Gladiator)                  Turns: 4661, Time: 00:07:48

Health: 0/47       AC:  4    Str: 14    XL:     6   Next: 40%
Magic:  6/6        EV: 16    Int:  8    God:    Okawaru [......]
Gold:   205        SH:  0    Dex: 17    Spells: 5/5 levels left

rFire    . . .     SeeInvis .   a - +0 trident
rCold    . . .     Gourm    .   (no shield)
rNeg     . . .     Faith    .   b - +0 leather armour
rPois    .         Spirit   .   c - +0 helmet
rElec    .         Reflect  .   (no cloak)
rCorr    .         Harm     .   (no gloves)
MR       .....                  (no boots)
Stlth    +.........             (no amulet)
Regen    0.2/turn               (no ring)
MPRegen  0.1/turn               (no ring)

@: no status effects
A: change form in water, swift swim, stealthy swim
a: Renounce Religion


You were on level 4 of the Dungeon.
You worshipped Okawaru.
Okawaru was noncommittal.
You were very hungry.

You visited 1 branch of the dungeon, and saw 4 of its levels.

You collected 205 gold pieces.

Inventory:

Hand Weapons
 a - a +0 trident (weapon)
Missiles
 e - 196 stones (quivered)
 n - 7 needles of paralysis
 o - 5 javelins of returning
 z - 8 tomahawks of dispersal
Armour
 b - a +0 leather armour (worn)
 c - a +0 helmet (worn)
 y - a +0 leather armour
 A - a +0 plate armour
Wands
 v - a wand of paralysis (6/24)
 B - a wand of disintegration (14/24)
Scrolls
 h - a scroll of magic mapping
 k - a scroll of immolation {unknown}
 l - 2 scrolls of remove curse {unknown}
 p - a scroll of recharging {unknown}
 s - 3 scrolls of identify
 w - a scroll of teleportation {unknown}
 x - a scroll of amnesia {unknown}
Potions
 m - 2 potions of mutation
 q - a potion of cancellation {unknown}
 u - a potion of haste {unknown}
Comestibles
 f - 4 bread rations
 i - 9 fruits
 j - 2 royal jellies
 r - a meat ration


   Skills:
 + Level 3.0 Fighting
 + Level 7.5 Polearms
 - Level 2.0 Throwing
 + Level 6.8 Dodging


You had 5 spell levels left.
You didn't know any spells.

Dungeon Overview and Level Annotations

Branches:
Dungeon (4/15)
 Temple: D:4-7

Altars:
Dithmenos
Gozag
Okawaru
Ru

Annotations:
D:4 Eustachio


Message History

Unknown command.
Unknown command.
You feel better. The bat closely misses you.
The quasit bites you but does no damage.
The quasit claws you but does no damage.
The quasit misses you. x2; The quasit completely misses you. x2
The quasit bites you.
* * * LOW HITPOINT WARNING * * *
The quasit closely misses you. The quasit claws you.
* * * LOW HITPOINT WARNING * * *
The quasit bites you but does no damage.
The quasit closely misses you. The quasit misses you.
The quasit completely misses you. The quasit claws you.
* * * LOW HITPOINT WARNING * * *
The quasit barely misses you. The river rat bites you.
* * * LOW HITPOINT WARNING * * *
The quasit disappears in a puff of smoke!
Eustachio mumbles some strange words.
The bat misses you. The river rat bites you.
You die...

... .... ##. ##. .... #..
...## .... ##... #....#
...## #..# #. #....
#..##..# #.# ##... . #....#
#.##.b# . # #....# #.....#
... # #...## #.@r@# #...
####...## #.5b5###....
........# #.§r.......#
........## ####...........
#.#####..###..............
.####........##.......##.#
.#.#...#..#..##......## .
......##.##..###.....####..
.....###.##..# ##.........#


You could see Eustachio, 2 quasits, 2 river rats and 2 bats.

Vanquished Creatures
  2 iguanas (D:4)
  Ijyb (D:3)
  A worker ant (D:4)
  Robin (D:2)
  4 gnolls
  3 adders
  2 worms
  3 dart slugs
  2 leopard geckos (D:1)
  21 orcs
  2 giant cockroaches
  13 goblins
  10 hobgoblins
  3 jackals (D:2)
  2 ball pythons
  7 bats
  7 frilled lizards
  5 kobolds
  10 rats
99 creatures vanquished.

Notes
Turn   | Place    | Note
-------+----------+-------------------------------------------
     0 | D:1      | Pong the Merfolk Gladiator began the quest for the Orb.
     0 | D:1      | Reached XP level 1. HP: 16/16 MP: 1/1
   160 | D:1      | Reached XP level 2. HP: 20/22 MP: 2/2
   164 | D:1      | Reached skill level 5 in Polearms
   880 | D:1      | Reached XP level 3. HP: 27/27 MP: 3/3
  1103 | D:2      | Found an opulent altar of Gozag.
  1131 | D:2      | Reached skill level 5 in Dodging
  1235 | D:2      | Reached XP level 4. HP: 33/33 MP: 4/4
  1243 | D:2      | Reached skill level 6 in Polearms
  1861 | D:2      | Noticed Robin
  1876 | D:2      | Killed Robin
  2500 | D:3      | Reached XP level 5. HP: 25/38 MP: 5/5
  2722 | D:3      | Found a shadowy altar of Dithmenos.
  2723 | D:3      | Found a sacrificial altar of Ru.
  3007 | D:3      | Noticed Ijyb
  3011 | D:3      | Paralysed by Ijyb for 3 turns
  3018 | D:3      | Killed Ijyb
  3018 | D:3      | Reached skill level 7 in Polearms
  3047 | D:3      | Found an iron altar of Okawaru.
  3326 | D:3      | Became a worshipper of Warmaster Okawaru
  3608 | D:4      | Reached XP level 6. HP: 39/46 MP: 6/6
  4521 | D:4      | Noticed Eustachio
  4661 | D:4      | Slain by a river rat

Skill      XL: |  1  2  3  4  5  6 |
---------------+-------------------+-----
Polearms       | 5 6 7 |  7.5
Dodging        | 5 6 |  6.8
Fighting       | 3 |  3.0
Throwing       | |  2.0

Action                   |  1- 3 |  4- 6 || total
-------------------------+-------+-------++-------
Melee: Trident           |   100 |   273 ||   373
Throw: Throwing net      |       |     3 ||     3
  Use: Scroll            |       |     3 ||     3
       Potion            |       |     1 ||     1
 Stab: Sleeping          |     2 |       ||     2
       Held in net/web   |       |     2 ||     2
  Eat: Chunk             |     1 |    10 ||    11
Armor: Leather armour    |    21 |    56 ||    77
Dodge: Dodged            |    34 |   209 ||   243
